 Dungeon Crawl Stone Soup version 0.29.0-4-gdea44cf6ec (webtiles) character file.

Game seed: 12752670042970118369

28 qw the Sneak (level 2, -3/14 HPs)
             Began as a Felid Delver on Aug 27, 2022.
             Slain by a gnoll
             ... wielding a +0 halberd
              (8 damage)
             ... on level 5 of the Dungeon.
             The game lasted 00:00:02 (1756 turns).

qw the Sneak (Felid Delver)                         Turns: 1756, Time: 00:00:02

Health: -3/14      AC:  1    Str:  8    XL:     2   Next: 96%
Magic:  3/3        EV: 17    Int: 11    God:
Gold:   0          SH:  0    Dex: 17    Spells: 1/1 levels left
                                        Lives:  0   Deaths: 0

rFire   . . .      SeeInvis +     - Unarmed
rCold   . . .      Faith    .   (shield unavailable)
rNeg    . . .      Spirit   .   (body armour unavailable)
rPois   .          Reflect  .   (helmet unavailable)
rElec   .          Harm     .   (cloak unavailable)
rCorr   .          Rampage  .   (gloves unavailable)
Will    .....                   (boots unavailable)
Stlth   +++.......              (no amulet)
HPRegen 0.04/turn               (no ring)
MPRegen 0.08/turn               (no ring)

@: quick
A: very small, claws 1, fangs 3, see invisible, speed 1, shaggy fur 1, stealthy
paws, no weapons or thrown items, no armour, multi-lived
a: no special abilities


You were on level 5 of the Dungeon.
You visited 1 branch of the dungeon, and saw 1 of its levels.


Innate Abilities, Weirdness & Mutations

You have sharp claws.
You have razor-sharp teeth.
You have supernaturally acute eyesight. (SInv)
You cover ground quickly. (Speed+)
You are covered in fur. (AC +1)
Your paws help you pounce on unaware monsters.
You are incapable of wielding weapons or throwing items.
You cannot wear armour.
You gain extra lives every three experience levels.


   Skills:
 - Level 3.0 Fighting
 + Level 2.6 Dodging
 - Level 6.6 Stealth
 - Level 3.5 Unarmed Combat


You had one spell level left.
You didn't know any spells.
Your spell library was empty.

Inventory:

Wands
 e - a wand of digging (3)
Scrolls
 a - a scroll of fog
 b - a scroll of magic mapping
 c - a scroll of fear
Potions
 d - a potion of haste

Dungeon Overview and Level Annotations

Branches:
Dungeon (5/15)
 Temple: D:4-7

Altars:


Message History

932 ||| Stepping ~*~*~tactically~*~*~ (hiding).
You start waiting.
Done waiting.
1034 ||| Stepping ~*~*~tactically~*~*~ (hiding).
You start waiting.
Done waiting.
1136 ||| Stepping ~*~*~tactically~*~*~ (hiding).
You start waiting.
Done waiting.
1238 ||| Stepping ~*~*~tactically~*~*~ (hiding).
You start waiting.
Done waiting.
1340 ||| Stepping ~*~*~tactically~*~*~ (hiding).
You start waiting.
Done waiting.
1442 ||| Stepping ~*~*~tactically~*~*~ (hiding).
You start waiting.
Done waiting.
1544 ||| Stepping ~*~*~tactically~*~*~ (hiding).
You start waiting.
Done waiting.
1646 ||| Stepping ~*~*~tactically~*~*~ (hiding).
You start waiting.
Done waiting.
1748 ||| Stepping ~*~*~tactically~*~*~ (hiding).
You start waiting.
A gnoll is nearby!
The gnoll hits you from afar with a +0 halberd!
Ouch! That really hurt!
Found 18 gold pieces.
You scratch the gnoll but do no damage. The gnoll misses you.
You closely miss the gnoll. The gnoll completely misses you.
You completely miss the gnoll. The gnoll barely misses you.
You scratch the gnoll but do no damage. The gnoll hits you with a +0 halberd!
Ouch! That really hurt!
You die...

#.. ~P.# #. ..P .P.# ...
#.. ...###.# #.# #......
#.# #..... #.# +...# #.#
#.g######
#######.####@.......
#...................
###.####..(##.........
###........####.........
#...#.###### #.........
#.....# #........$
.>|...# ##########
##...## #...#


You could see a gnoll.

Vanquished Creatures
  A hound (D:5)
1 creature vanquished.

Notes
Turn   | Place    | Note
-------+----------+-------------------------------------------
     0 | D:5      | qw the Felid Delver began the quest for the Orb.
     0 | D:5      | Reached XP level 1. HP: 10/10 MP: 2/2
     0 | D:5      | 0 ||| qw: Version: 0.1-a-89-g26bdef1
     0 | D:5      | 0 ||| qw: Game counter: 56
     0 | D:5      | 0 ||| qw: Always use a shield: true
     0 | D:5      | 0 ||| qw: God list: Okawaru, Trog
     0 | D:5      | 0 ||| qw: Allow faded altars: false
     0 | D:5      | 0 ||| qw: Do Orc after D:15 true
     0 | D:5      | 0 ||| qw: Do second Lair branch before Depths: true
     0 | D:5      | 0 ||| qw: Lair rune preference: random
     0 | D:5      | 0 ||| qw: Plans: Normal
     0 | D:5      | 0 ||| PLANNING D:1-11
    11 | D:5      | Noticed a hound
    25 | D:5      | Killed a hound
    26 | D:5      | Reached skill level 3 in Unarmed Combat
    26 | D:5      | Reached XP level 2. HP: 6/14 MP: 3/3
   218 | D:5      | 218 ||| Stepping ~*~*~tactically~*~*~ (hiding).
   320 | D:5      | 320 ||| Stepping ~*~*~tactically~*~*~ (hiding).
   422 | D:5      | 422 ||| Stepping ~*~*~tactically~*~*~ (hiding).
   524 | D:5      | 524 ||| Stepping ~*~*~tactically~*~*~ (hiding).
   626 | D:5      | 626 ||| Stepping ~*~*~tactically~*~*~ (hiding).
   728 | D:5      | 728 ||| Stepping ~*~*~tactically~*~*~ (hiding).
   830 | D:5      | 830 ||| Stepping ~*~*~tactically~*~*~ (hiding).
   932 | D:5      | 932 ||| Stepping ~*~*~tactically~*~*~ (hiding).
  1034 | D:5      | 1034 ||| Stepping ~*~*~tactically~*~*~ (hiding).
  1136 | D:5      | 1136 ||| Stepping ~*~*~tactically~*~*~ (hiding).
  1238 | D:5      | 1238 ||| Stepping ~*~*~tactically~*~*~ (hiding).
  1340 | D:5      | 1340 ||| Stepping ~*~*~tactically~*~*~ (hiding).
  1442 | D:5      | 1442 ||| Stepping ~*~*~tactically~*~*~ (hiding).
  1544 | D:5      | 1544 ||| Stepping ~*~*~tactically~*~*~ (hiding).
  1646 | D:5      | 1646 ||| Stepping ~*~*~tactically~*~*~ (hiding).
  1748 | D:5      | 1748 ||| Stepping ~*~*~tactically~*~*~ (hiding).
  1756 | D:5      | Slain by a gnoll

Levels and vault maps discovered:
D:5:      layout_basic, pf_just_have_faith, minmay_temple_entry_mist,
          serial_shops, nicolae_shop_behind_doors, dreamdust_gnoll_farm

Skill      XL: |  1 |
---------------+----+-----
Unarmed Combat | 3 |  3.5
Fighting       | |  3.0
Dodging        | |  2.6
Stealth        | |  6.6

Action                   || total
-------------------------++-------
Melee: Unarmed           ||    11
       Bite              ||     1
Armor: Skin              ||     1
Dodge: Dodged            ||     9

Table legend:
 A = Non-vault XP
 B = Vault XP
 C = Vault XP percentage of total XP
 D = Non-vault monster count
 E = Vault monster count
 F = Vault count percentage of total count
                 A         B        C        D         E       F
            +---------+---------+-------+---------+---------+-------
      Total |       0 |      40 | 100.0 |       0 |       1 | 100.0
            +---------+---------+-------+---------+---------+-------
        D:5 |       0 |      40 | 100.0 |       0 |       1 | 100.0
            +---------+---------+-------+---------+---------+-------
